 Dungeon Crawl Stone Soup version 0.19.3-4-gbf9329e (webtiles) character file.

7743 markt42 the Cleaver (level 11, -8/99 HPs)
             Began as a Minotaur Fighter on Jan 29, 2017.
             Was a High Priest of Okawaru.
             Hit by a large rock thrown by a cyclops (25 damage)
             ... on level 10 of the Dungeon.
             The game lasted 00:10:23 (9642 turns).

markt42 the Cleaver (Minotaur Fighter)              Turns: 9642, Time: 00:10:24

Health: -8/99      AC: 15    Str: 25    XL:     11   Next: 0%
Magic:  10/10      EV: 10    Int:  5    God:    Okawaru [*****.]
Gold:   233        SH: 13    Dex: 14    Spells: 0 memorised, 10 levels left

rFire  + . .     SeeInvis .     a - +0 war axe
rCold  . . .     Gourm    .     F - +0 plate armour
rNeg   + . .     Faith    .     c - +1 shield
rPois  .         Spirit   .     (helmet restricted)
rElec  .         Reflect  .     (no cloak)
rCorr  .         Harm     .     r - +0 pair of gloves
MR     +++..     Clarity  +     E - +0 pair of boots {Fly}
Stlth  ..........               x - amulet of the Four Winds {rN+ MR+++ Clar}
                                i - +3 ring of evasion
                                h - ring of protection from fire

@: mighty, flying, very slightly contaminated, hasted, very quick
A: retaliatory headbutt, horns 2
a: Heroism, Finesse, Renounce Religion


You were on level 10 of the Dungeon.
You worshipped Okawaru.
Okawaru was extremely pleased with you.
You were hungry.

You visited 2 branches of the dungeon, and saw 11 of its levels.
You also visited: Ossuary.

You collected 485 gold pieces.
You spent 252 gold pieces at shops.

Inventory:

Hand Weapons
 a - a +0 war axe (weapon)
Armour
 c - a +1 shield (worn)
 r - a +0 pair of gloves (worn)
 E - a +0 pair of boots of flying (worn)
 F - a +0 plate armour (worn)
Jewellery
 b - an uncursed amulet of faith
 h - a ring of protection from fire (left hand)
 i - a +3 ring of evasion (right hand)
 p - an uncursed ring of flight
 x - the amulet of the Four Winds (around neck) {rN+ MR+++ Clar}
   (You found it on level 6 of the Dungeon)

   [amulet of nothing]

   It protects you from negative energy.
   It affects your resistance to hostile enchantments.
   It protects you against confusion.
Wands
 G - a wand of flame (22/48)
Scrolls
 j - 10 scrolls of identify
 k - 4 scrolls of enchant weapon
 l - a scroll of recharging
 n - 5 scrolls of teleportation
 q - 2 scrolls of amnesia
 v - 3 scrolls of remove curse
 w - 2 scrolls of magic mapping
 y - a scroll of immolation {unknown}
 z - a scroll of blinking
Potions
 e - 5 potions of agility
 s - 3 potions of resistance
 u - a potion of brilliance
 A - a potion of curing
 C - 2 potions of flight
 D - a potion of cancellation
Comestibles
 f - 8 bread rations
 g - a slice of pizza
 m - 5 meat rations
 o - a beef jerky
 t - 2 fruits
 B - 7 royal jellies


   Skills:
 * Level 10.1 Fighting
 * Level 14.2 Axes
 + Level 7.2 Armour
 + Level 3.8 Dodging
 + Level 7.9 Shields


You had 10 spell levels left.
You didn't know any spells.

Dungeon Overview and Level Annotations

Branches:
Dungeon (10/15)            Temple (1/1) D:4
   Lair: D:8-11         Orc: D:9-12

Altars:
Ashenzari
Cheibriados
Dithmenos
Elyvilon
Fedhas
Kikubaaqudgha
Makhleb
Nemelex Xobeh
Okawaru
Ru
Trog
Uskayaw
Vehumet
Xom
Yredelemnul
Zin
The Shining One

Shops:
D:4 :   D:5 (   D:9 [   D:10 [


Innate Abilities, Weirdness & Mutations

You reflexively headbutt those who attack you in melee.
You have a pair of horns on your head.


Message History

* * * LOW HITPOINT WARNING * * *
You are very lightly contaminated with residual magic.
You feel very mighty all of a sudden.
You are feeling hungry.
You are too injured to fight recklessly!
You are too injured to fight recklessly!
You slice the efreet!!
The efreet is almost dead.
The yaktaur shoots a bolt.
The bolt hits you.
* * * LOW HITPOINT WARNING * * *
You block the efreet's attack.
A bullfrog skeleton comes into view.
You slash the efreet!
You kill the efreet!
Okawaru is honoured by your kill.
Your life force feels restored.
You have reached level 11!
The yaktaur shoots a bolt.
You block the bolt.
The cyclops throws a large rock.
The large rock hits you!!
You die...

...# #... ...# #.## ...# #.#
#.# ##.# ### ####.# #)# #.#
#.. .. #.# #.# ##.## #.Z###C
#.# #.# #...# #c.)# #.# #.#
#.#.## #..(# #.# #.##
..#..## # #.@(# #.# #...
.###..####.#####.#####'#####
####
##.##......................#
#...
#...##..####.#.#####.......#
#.## ..#..##..###...#
#.......# #.##
.#.#..##.......# #.......#
#.## #._.#..###....>#
#.......# #.##
.#.#..##...##### #.......#
#.## ..#..##...## #.......#
#.##


You could see a cyclops, a yaktaur and a bullfrog skeleton.

Vanquished Creatures
  Erica (D:9)
  An efreet (D:10)
  A troll (D:9)
  A queen bee (D:8)
  Prince Ribbit (D:9)
  6 yaks (D:9)
  A wraith (D:10)
  A wyvern (D:9)
  2 hungry ghosts
  A water moccasin (D:7)
  4 orc warriors
  2 black bears
  A sky beast (D:5)
  A necrophage (D:9)
  A phantom (D:10)
  4 ogres
  4 centaurs
  A big kobold (D:8)
  5 bullfrogs
  3 elf zombies (Ossuary)
  A scorpion (D:8)
  18 killer bees (D:8)
  5 wights
  2 howler monkeys
  3 centaur zombies
  A crimson imp (D:8)
  2 bullfrog zombies
  3 orc priests
  A gnoll shaman (D:4)
  5 hounds
  A jelly (D:8)
  A bullfrog skeleton (D:6)
  2 iguanas
  Ijyb (D:2)
  Natasha (thrice) (D:4)
  9 orc wizards
  7 worker ants
  3 big kobold zombies (Ossuary)
  A hound zombie (D:6)
  2 mummies (Ossuary)
  Robin (D:3)
  8 gnolls
  10 adders
  A shadow imp (D:8)
  An ooze (D:4)
  An adder skeleton (D:8)
  3 adder zombies (Ossuary)
  4 worms
  3 dart slugs
  5 leopard geckos
  36 orcs
  A ball python (D:4)
  4 bats
  3 giant cockroaches
  13 goblins
  7 hobgoblins
  3 jackals (D:6)
  5 kobolds
  6 quokkas
  5 frilled lizards
  10 hobgoblin zombies (Ossuary)
  A jackal skeleton (D:4)
  A jackal zombie (Ossuary)
  8 kobold zombies (Ossuary)
  A leopard gecko skeleton (D:4)
  8 orc zombies (Ossuary)
  27 rats
289 creatures vanquished.

Notes
Turn   | Place    | Note
-------+----------+-------------------------------------------
     0 | D:1      | markt42 the Minotaur Fighter began the quest for the Orb.
     0 | D:1      | Reached XP level 1. HP: 19/19 MP: 0/0
   213 | D:1      | Reached XP level 2. HP: 27/27 MP: 1/1
   824 | D:2      | Noticed Ijyb
   832 | D:2      | Killed Ijyb
   832 | D:2      | Reached skill level 3 in Axes
   832 | D:2      | Reached XP level 3. HP: 34/34 MP: 2/2
  1186 | D:2      | Found a faded altar of an unknown god.
  1562 | D:3      | Reached XP level 4. HP: 39/41 MP: 3/3
  1645 | D:3      | Noticed Robin
  1652 | D:3      | Killed Robin
  2175 | D:3      | Reached skill level 4 in Axes
  2238 | D:3      | Reached skill level 5 in Fighting
  2403 | D:3      | Reached XP level 5. HP: 38/48 MP: 4/4
  2481 | D:4      | Noticed a centaur
  2498 | D:4      | Killed a centaur
  2498 | D:4      | Reached skill level 5 in Axes
  2534 | D:4      | Noticed Natasha
  2539 | D:4      | Reached XP level 6. HP: 43/56 MP: 5/5
  2541 | D:4      | Killed Natasha
  2620 | D:4      | Reached skill level 5 in Armour
  2630 | D:4      | Reached skill level 6 in Axes
  2675 | D:4      | Found a sand-covered staircase.
  2689 | D:4      | Noticed Natasha
  2691 | D:4      | Killed Natasha
  2721 | Ossuary  | Entered an ossuary
  2894 | Ossuary  | Reached XP level 7. HP: 45/62 MP: 6/6
  2899 | Ossuary  | Reached skill level 7 in Axes
  3321 | D:4      | Found Muzxinn's Book Boutique.
  3323 | D:4      | Noticed Natasha
  3344 | D:4      | Killed Natasha
  3461 | D:4      | Found a staircase to the Ecumenical Temple.
  3524 | Temple   | Entered the Ecumenical Temple
  3586 | Temple   | Became a worshipper of Warmaster Okawaru
  3703 | D:4      | Reached skill level 1 in Dodging
  3708 | D:4      | Got a crude robe
  3719 | D:4      | Identified the cursed +0 robe of Juiperorrimm {rPois MR- Str+2} (You found it on level 4 of the Dungeon)
  3748 | D:4      | Reached skill level 8 in Axes
  4348 | D:5      | Entered Level 5 of the Dungeon
  4391 | D:5      | Reached XP level 8. HP: 7/71 MP: 7/7
  5005 | D:5      | Found Ponang's Weapon Shoppe.
  5205 | D:6      | Reached skill level 9 in Axes
  5331 | D:6      | Reached * piety under Okawaru
  5557 | D:6      | Reached skill level 10 in Axes
  5623 | D:6      | Reached skill level 5 in Shields
  6102 | D:7      | Reached XP level 9. HP: 54/79 MP: 8/8
  6108 | D:7      | Reached ** piety under Okawaru
  6478 | D:7      | Found a bloodstained altar of Trog.
  6755 | D:8      | Reached skill level 11 in Axes
  7239 | D:8      | Noticed a queen bee
  7264 | D:8      | Killed a queen bee
  7264 | D:8      | Reached *** piety under Okawaru
  7542 | D:8      | Reached skill level 12 in Axes
  7686 | D:8      | Reached XP level 10. HP: 85/90 MP: 9/9
  8026 | D:9      | Found Loec Qape's Antique Armour Boutique.
  8046 | D:9      | Bought a pair of runed boots for 252 gold pieces
  8078 | D:9      | Reached **** piety under Okawaru
  8127 | D:9      | Reached skill level 13 in Axes
  8270 | D:9      | Noticed Erica
  8284 | D:9      | Killed Erica
  8567 | D:9      | Noticed Prince Ribbit
  8616 | D:9      | Killed Prince Ribbit
  9085 | D:10     | Entered Level 10 of the Dungeon
  9097 | D:10     | Reached skill level 10 in Fighting
  9224 | D:10     | Found Ecroithreor's Armour Emporium.
  9251 | D:10     | Found a glowing golden altar of the Shining One.
  9352 | D:10     | Reached skill level 14 in Axes
  9366 | D:10     | Reached ***** piety under Okawaru
  9635 | D:10     | Noticed a cyclops
  9641 | D:10     | Reached XP level 11. HP: 17/99 MP: 10/10
  9642 | D:10     | Hit by a large rock thrown by a cyclops

Skill      XL: |  1  2  3  4  5  6  7  8  9 10 |
---------------+-------------------------------+-----
Fighting       | 4 5 6 7 8 10 | 10.1
Armour         | 4 5 6 7 |  7.2
Axes           | 3 4 5 6 8 10 12 14 | 14.2
Shields        | 4 5 6 7 |  7.9
Dodging        | 1 3 |  3.8

Action                   |  1- 3 |  4- 6 |  7- 9 | 10-12 || total
-------------------------+-------+-------+-------+-------++-------
Melee: War axe           |    37 |   116 |   384 |   238 ||   775
       Headbutt          |     6 |    26 |    65 |    63 ||   160
  Use: Potion            |       |     1 |    10 |     4 ||    15
       Scroll            |       |       |    14 |     1 ||    15
 Stab: Sleeping          |       |       |     1 |       ||     1
  Eat: Chunk             |     2 |     3 |    14 |     5 ||    24
       Meat ration       |       |       |     1 |       ||     1
       Fruit             |       |       |     1 |       ||     1
       Beef jerky        |       |       |       |     1 ||     1
Armor: Scale mail        |    11 |    43 |    21 |       ||    75
       Robe              |       |       |     7 |       ||     7
       Chain mail        |       |       |    80 |    21 ||   101
       Plate armour      |       |       |       |    38 ||    38
Dodge: Dodged            |    21 |    58 |   165 |    41 ||   285
Block: Shield            |    11 |    68 |   213 |   105 ||   397
